 Dungeon Crawl Stone Soup version 0.27-a0-416-gca2cecf3c0 (webtiles) character file.

Game seed: 16368750101091427201

18 dickylongcocking the Insei (level 2, 0/18 HPs)
             Began as an Octopode Transmuter on Feb 25, 2021.
             Slain by a hobgoblin (2 damage)
             ... on level 2 of the Dungeon.
             The game lasted 00:00:24 (183 turns).

dickylongcocking the Insei (Octopode Transmuter)     Turns: 183, Time: 00:00:25

Health: 0/18       AC:  1    Str:  9    XL:     2   Next: 66%
Magic:  5/5        EV: 13    Int: 15    God:
Gold:   19         SH:  0    Dex: 12    Spells: 4/5 levels left

rFire    . . .     SeeInvis .     - Unarmed
rCold    . . .     Faith    .   (no shield)
rNeg     . . .     Spirit   .   (helmet restricted)
rPois    .         Reflect  .   (no amulet)
rElec    .         Harm     .   (no ring)
rCorr    .         Rampage  .   (no ring)
Will     .....                  (no ring)
Stlth    +++.......             (no ring)
HPRegen  0.06/turn              (no ring)
MPRegen  0.09/turn              (no ring)
                                (no ring)
                                (no ring)

@: no status effects
A: almost no armour, stealthy swim, amphibious, 8 rings, constrict 8, camouflage
1, gelatinous body 1
a: no special abilities


You were on level 2 of the Dungeon.
You visited 1 branch of the dungeon, and saw 2 of its levels.

You collected 19 gold pieces.

You aren't carrying anything.


   Skills:
 - Level 1.0 Fighting
 - Level 2.0 Dodging
 + Level 1.5 Stealth
 * Level 3.6 Unarmed Combat
 - Level 2.0 Spellcasting
 - Level 2.0 Transmutations


You had 4 spell levels left.
You knew the following spells:

 Your Spells              Type           Power        Failure   Level
a - Beastly Appendage     Tmut           14%          10%         1

Your spell library contained the following spells:

 Spells                   Type           Power        Failure   Level
 Wereblood                Tmut           7%           14%         2
 Spider Form              Tmut/Pois      2%           41%         3
 Ice Form                 Ice/Tmut       4%           82%         4
 Blade Hands              Tmut           3%           95%         5


Dungeon Overview and Level Annotations

Branches:
Dungeon (2/15)

Altars:

Annotations:
D:2 Jessica


Innate Abilities, Weirdness & Mutations

You cannot wear most types of armour.
You are very stealthy in the water. (Stealth+)
You are amphibious.
You can wear up to eight rings at the same time.
You can use your tentacles to constrict eight enemies at once.
Your skin changes colour to match your surroundings (Stealth+).
Your rubbery body absorbs attacks. (AC +1, EV +1)


Message History

The goblin is moderately wounded.
You constrict the goblin. The goblin barely misses you.
You are too injured to fight recklessly!
You tentacle-slap the goblin. You squeeze the goblin.
You kill the goblin!
A hobgoblin comes into view.
Things that are here:
a +0 club; a goblin corpse The hobgoblin barely misses you.
Jessica the Apprentice Sorceress comes into view.
She is wielding a +0 club.
Jessica shouts!
You tentacle-slap the hobgoblin. Your grab misses the hobgoblin.
You squeeze the hobgoblin.
The hobgoblin is almost dead.
The hobgoblin hits you.
* * * LOW HITPOINT WARNING * * *
You tentacle-slap the hobgoblin.
You kill the hobgoblin!
Jessica drinks a potion.
Jessica seems to speed up.
You aren't carrying any potions.
Things that are here:
a +0 club; a goblin corpse Jessica gestures wildly while chanting.
Jessica blinks!
Unknown command.
You aren't carrying any scrolls.
Unknown command.
You aren't carrying any scrolls.
Unknown command.
The hobgoblin hits you.
* * * LOW HITPOINT WARNING * * *
You tentacle-slap Jessica. You grab Jessica.
Jessica is moderately wounded.
You constrict Jessica. The hobgoblin closely misses you.
Jessica hits you but does no damage.
Unknown command.
You tentacle-slap Jessica but do no damage.
Jessica is moderately wounded.
You constrict Jessica. Jessica closely misses you. The hobgoblin hits you.
You die...

##<## .## ##...##
....####.....####
.#....†..........
..............###
##.#...#.....##
######)..##
.######@.##
.......@.#
########g# #)#
#§# #†# ... ##.##
... ...


You could see Jessica (fast) and a hobgoblin.

Vanquished Creatures
  An ooze (D:2)
  A bat (D:1)
  4 hobgoblins
  2 frilled lizards (D:1)
  3 goblins
  2 rats (D:1)
13 creatures vanquished.

Notes
Turn   | Place    | Note
-------+----------+-------------------------------------------
     0 | D:1      | dickylongcocking the Octopode Transmuter began the quest
                  | for the Orb.
     0 | D:1      | Reached XP level 1. HP: 13/13 MP: 3/3
   144 | D:1      | Reached skill level 1 in Stealth
   144 | D:1      | Reached XP level 2. HP: 18/18 MP: 5/5
   175 | D:2      | Noticed Jessica
   183 | D:2      | Slain by a hobgoblin

Illustrated notes

Levels and vault maps discovered:
D:1:      tarquinn_simple_flora_water_e, layout_loops_cross
D:2:      layout_loops_corners, xom_redecorated, uniq_jessica,
          uniq_crazy_yiuf_cottage

Skill      XL: |  1 |
---------------+----+-----
Stealth        | 1 |  1.5
Fighting       | |  1.0
Dodging        | |  2.0
Unarmed Combat | |  3.6
Spellcasting   | |  2.0
Transmutations | |  2.0

Action                   || total
-------------------------++-------
Melee: Unarmed           ||    31
       Constrict         ||     6
       Tentacles         ||     3
 Stab: Sleeping          ||     4
Armor: Skin              ||     2
Dodge: Dodged            ||    20

Table legend: (Time is in decaauts)
 A = Elapsed time spent in this place.
 B = Non-inter-level travel time spent in this place.
 C = Inter-level travel time spent in this place.
 D = Time resting spent in this place.
 E = Time spent auto-exploring this place.
 F = Levels seen in this place.
 G = Mean time per level.
                   A        B        C        D        E       F      G
               +--------+--------+--------+--------+--------+-----+--------+
         Total |    180 |    180 |      0 |      0 |    103 |   2 |   90.0 |
       Dungeon |    180 |    180 |      0 |      0 |    103 |   2 |   90.0 |
               +--------+--------+--------+--------+--------+-----+--------+

Top non-repeatable levels by time:
     D:1: 149 daAuts
     D:2: 31 daAuts
